AoeStats
← 打一下就投

Fortress

510078310Analyzed
4v4 RM · 3d ago on Sep 29, 2026· 45m 9s· 8 players
Game mode
Random Map
Map size
Huge
Population
200
Speed
Normal
Resources
Standard
Victory
Conquest
Starting age
Dark Age
Ending age
Imperial Age
RankedLock teamsTeams togetherTeam positionsShared explorationLock speedFull tech treeHidden civsTurbo modeCheats
Victory
Defeat
🇦🇷 Franks · Argentina
1093
+14
🇦🇹 Chinese · Austria
1079
+14
1070
+15
🇦🇺 Mongols · Australia
1040
+15
🇨🇳 Bohemians · China
1070
-16
🇨🇳 Persians · China
1051
-44
🇨🇳 Huns · China
1036
-14
🇨🇳 Teutons · China
1001
-13
让我和Mika一边
10:05 Feudal Age
11:24 Double-Bit Axe
14:16 Castle Age
12:34 Horse Collar
17:32 Husbandry
17:42 Bloodlines
24:33 Gold Mining
27:59 Imperial Age
26:13 Marauders
26:44 Scale Barding Armor
28:00 Chain Barding Armor
28:47 Wheelbarrow
29:17 Plate Barding Armor
28:33 Cavalier
29:30 Caravan
30:12 Elite Tarkan
31:50 Paladin
32:46 Forging
34:09 Iron Casting
36:08 Blast Furnace
41:23 Fletching
41:24 Heavy Cavalry Archer
43:27 Parthian Tactics
Mika_168
8:16 Feudal Age
12:57 Castle Age
11:04 Double-Bit Axe
11:45 Horse Collar
20:54 Wheelbarrow
27:00 Imperial Age
24:59 Bow Saw
24:58 Heavy Plow
25:46 Hand Cart
26:48 Chemistry
26:26 Padded Archer Armor
26:53 Fervor
26:54 Redemption
27:13 Sanctity
27:57 Hussite Reforms
28:13 Conscription
28:05 Loom
28:54 Block Printing
28:36 Herbal Medicine
29:06 Illumination
28:42 Devotion
29:22 Atonement
29:35 Redemption
30:01 Theocracy
30:39 Ballistics
30:50 Pikeman
31:30 Squires
32:17 Faith
32:18 Heresy
32:53 Halberdier
33:20 Arson
33:37 Scale Mail Armor
33:53 Leather Archer Armor
33:51 Houfnice
35:23 Chain Mail Armor
39:31 Caravan
打一下就投
7:28 Feudal Age
8:17 Horse Collar
8:40 Double-Bit Axe
14:23 Forging
16:18 Castle Age
14:32 Gold Mining
16:14 Scale Barding Armor
16:25 Arson
17:14 Kamandaran
17:35 Bow Saw
17:28 Heavy Plow
18:24 Stone Mining
20:47 Iron Casting
21:52 Gold Shaft Mining
21:41 Fletching
22:16 Chain Barding Armor
23:03 Stone Shaft Mining
24:19 Wheelbarrow
24:30 Parthian Tactics
24:20 Thumb Ring
24:50 Loom
26:13 Hand Cart
25:42 Crossbowman
29:01 Bodkin Arrow
35:49 Imperial Age
36:05 Elite War Elephant
36:57 Citadels
37:08 Conscription
38:33 Blast Furnace
38:09 Plate Barding Armor
38:44 Citadels
38:55 Conscription
君士坦丁十一世
7:53 Feudal Age
12:55 Castle Age
10:44 Double-Bit Axe
16:31 Bow Saw
16:10 Horse Collar
19:47 Heavy Plow
20:40 Wheelbarrow
23:30 Gold Mining
23:53 Stone Mining
25:56 Stone Shaft Mining
28:07 Imperial Age
26:15 Forging
26:06 Scale Mail Armor
27:48 Iron Casting
27:34 Bloodlines
27:55 Chain Mail Armor
29:56 Blast Furnace
29:16 Elite Teutonic Knight
31:10 Plate Mail Armor
31:06 Conscription
30:38 Cavalier
31:35 Scale Barding Armor
32:06 Paladin
36:36 Chain Barding Armor
38:32 Plate Barding Armor
40:15 Heavy Scorpion
43:07 Siege Engineers
45:06 Ballistics
吃饭睡觉打豆豆
6:54 Feudal Age
7:16 Double-Bit Axe
7:41 Horse Collar
12:25 Castle Age
10:37 Gold Mining
14:21 Bow Saw
14:36 Heavy Plow
18:34 Wheelbarrow
20:04 Hand Cart
20:30 Gold Shaft Mining
19:50 Stone Mining
24:50 Imperial Age
22:27 Pikeman
23:07 Squires
22:52 Gambesons
22:53 Arson
23:44 Forging
24:30 Stone Shaft Mining
23:48 Fletching
23:59 Scale Mail Armor
24:52 Kamandaran
25:15 Ballistics
24:55 Bodkin Arrow
25:02 Padded Archer Armor
26:47 Two-Man Saw
26:19 Crop Rotation
26:00 Town Watch
25:50 Crossbowman
28:23 Thumb Ring
29:47 Chemistry
29:08 Conscription
28:57 Halberdier
30:19 Leather Archer Armor
30:40 Iron Casting
30:20 Chain Mail Armor
32:52 Ring Archer Armor
33:23 Blast Furnace
34:20 Plate Mail Armor
33:57 Scale Barding Armor
43:12 Chain Barding Armor
43:07 Guilds
45:23 Masonry
45:09 Murder Holes
武瑧
7:40 Feudal Age
11:29 Castle Age
9:27 Double-Bit Axe
13:00 Bow Saw
16:54 Wheelbarrow
25:01 Imperial Age
22:48 Hand Cart
23:59 Gold Mining
24:01 Stone Mining
24:35 Husbandry
24:42 Scale Barding Armor
24:48 Forging
25:41 Gold Shaft Mining
24:55 Loom
24:57 Town Watch
25:05 Cavalier
26:14 Chain Barding Armor
26:53 Iron Casting
27:21 Chemistry
27:58 Plate Barding Armor
28:45 Conscription
28:42 Elite Throwing Axeman
31:07 Paladin
33:55 Blast Furnace
32:46 Fletching
32:33 Ordonnance Companies
36:10 Bodkin Arrow
37:17 Scale Mail Armor
42:33 Caravan
44:01 Chain Mail Armor
DisWhey
2:06 Loom
8:08 Feudal Age
12:23 Castle Age
10:21 Double-Bit Axe
10:43 Horse Collar
11:46 Fletching
11:58 Padded Archer Armor
13:46 Bow Saw
13:54 Heavy Plow
18:35 Wheelbarrow
21:48 Ballistics
22:04 Hand Cart
21:34 Loom
21:34 Town Watch
22:24 Bodkin Arrow
27:46 Imperial Age
26:00 Nomads
26:05 Padded Archer Armor
26:23 Masonry
26:09 Murder Holes
26:25 Fortified Wall
26:36 Gold Mining
26:38 Stone Mining
27:35 Husbandry
27:45 Bloodlines
26:57 Light Cavalry
27:51 Bloodlines
28:28 Leather Archer Armor
28:19 Scale Barding Armor
28:25 Forging
28:34 Bracer
28:02 Hussar
29:04 Conscription
29:05 Drill
30:44 Gold Shaft Mining
30:49 Stone Shaft Mining
30:17 Town Patrol
30:14 Elite Mangudai
32:04 Hoardings
31:53 Chain Barding Armor
32:39 Chemistry
32:33 Siege Engineers
33:06 Iron Casting
35:08 Capped Ram
36:48 Siege Ram
40:37 Onager
43:07 Blast Furnace
3blue
8:57 Feudal Age
13:27 Castle Age
11:42 Horse Collar
11:49 Double-Bit Axe
12:19 Gold Mining
14:25 Bow Saw
15:22 Fervor
15:50 Wheelbarrow
15:01 Loom
15:20 Heavy Plow
17:12 Hand Cart
18:37 Gold Shaft Mining
17:54 Stone Mining
17:32 Pikeman
18:12 Squires
18:19 Scale Mail Armor
18:29 Forging
21:19 Forging
21:25 Chain Mail Armor
24:30 Iron Casting
25:43 Arson
28:34 Imperial Age
29:41 Rocketry
29:42 Conscription
30:26 Two-Man Saw
28:51 Elite Fire Lancer
30:14 Heavy Rocket Cart
32:49 Plate Mail Armor
33:20 Blast Furnace
34:13 Devotion
37:46 Halberdier
39:41 Faith
45:22 Fletching
Connection lost

Rejoining the realm…

Still unreachable

The connection could not be restored.

Session expired

The server has moved on; the page needs a fresh start.